Map: Iron Fortress LE (Void)

Players

Nox

  • Race: Terran Terran

Bop - Winner!

  • Race: Zerg Zerg

VOD

Have the link to the VOD?

Description

Time

  • Played on: May 3, 2015, 11:27 p.m.
  • Length: 13:58
Show
View Real Time Build Order
Export as new Build Order

Nox Terran 

Build Orders: Reaper Expand, MMM Bio 

Get SALT Encoding   

  12  0:01  SCV  
  13  0:13  Supply Depot  
  13  0:17  SCV  
  14  0:29  SCV  
  14  0:35  Barracks  
  15  0:40  Refinery  
  15  0:44  SCV  
  16  0:56  SCV  
  17  1:08  SCV  
  18  1:22  Orbital Command  
  18  1:23  Reaper  
  19  1:43  Command Center  
  19  1:49  SCV  
  20  1:56  Supply Depot  
  21  2:01  SCV, Marine  
  22  2:13  SCV  
  23  2:21  Barracks Reactor, Factory  
  23  2:25  SCV  
  24  2:40  SCV  
  25  2:47  Command Center  
  25  2:50  Refinery  
  25  2:54  SCV  
  25  2:58  Orbital Command  
  26  3:01  Marine  
  26  3:03  Marine  
  28  3:07  SCV  
  29  3:13  Factory Tech Lab  
  29  3:19  SCV  
  30  3:23  SCV  
  31  3:31  SCV  
  32  3:37  SCV  
  32  3:39  Hellion x2  
  32  3:40  Marine  
  37  3:41  Stimpack  
  37  3:43  SCV  
  38  3:49  SCV  
  39  4:00  Marine  
  39  4:01  Hellion x2  
  44  4:02  Orbital Command  
  44  4:03  SCV  
  44  4:04  SCV  
  46  4:12  Bunker  
  46  4:13  Bunker  
  46  4:14  Supply Depot  
  46  4:16  SCV x2  
  48  4:18  Marine  
  48  4:22  Hellion x2  
  53  4:29  SCV x2  
  53  4:30  SCV, Engineering Bay x2  
  56  4:37  Marauder  
  58  4:41  SCV x2  
  58  4:42  SCV  
  58  4:44  Widow Mine  
  58  4:45  Widow Mine  
  65  4:53  Barracks  
  65  4:54  SCV  
  65  4:55  SCV x2, Barracks  
  65  4:59  Terran Infantry Weapons Level 1  
  68  5:00  Terran Infantry Armor Level 1  
  68  5:02  Supply Depot  
  68  5:04  Marine  
  69  5:09  SCV x2  
  69  5:13  Supply Depot  
  71  5:20  Widow Mine  
  71  5:21  Widow Mine  
  73  5:23  Marauder  
  77  5:31  SCV, Barracks  
  77  5:32  SCV, Refinery x2, Barracks  
  79  5:38  Supply Depot  
  79  5:42  Barracks Reactor x2  
  79  5:44  SCV, Marine  
  79  5:45  Missile Turret  
  79  5:49  Missile Turret  
  81  5:50  Combat Shields  
  81  5:56  Supply Depot  
  81  6:01  Marine, Widow Mine x2  
  85  6:06  SCV x2, Starport  
  87  6:13  Missile Turret  
  86  6:18  SCV  
  86  6:19  SCV, Marine x4  
  86  6:20  Marine  
  86  6:21  Marine  
  86  6:25  Marine  
  95  6:35  Widow Mine  
  95  6:36  Widow Mine  
  95  6:37  Marine x5  
  104  6:41  Armory  
  104  6:44  Marine x2  
  106  6:55  Marine x3  
  109  7:06  Supply Depot x2  
  109  7:12  Starport Reactor  
  109  7:18  Marine x2  
  109  7:27  Marine x5  
  109  7:28  Widow Mine x2  
  109  7:29  Orbital Command  
  118  7:35  Marine x2  
  120  7:39  Terran Infantry Weapons Level 2  
  120  7:40  Terran Infantry Armor Level 2  
  120  7:42  SCV  
  111  7:45  Marine x5  
  111  7:46  SCV  
  111  7:48  Supply Depot x2  
  116  7:53  Marine x2, Medivac x2  
  116  7:55  SCV  
  123  8:00  SCV x2, Missile Turret  
  123  8:03  Missile Turret  
  125  8:08  Marine  
  125  8:09  Widow Mine x2, Marine x2  
  125  8:10  SCV  
  125  8:11  Supply Depot  
  130  8:13  Supply Depot  
  130  8:23  Command Center, Medivac x2  
  134  8:28  Bunker, Marine x2  
  134  8:29  Supply Depot  
  134  8:30  Supply Depot, Marine x2  
  134  8:31  Marine  
  134  8:33  Marine, Marauder  
  142  8:39  Factory, Refinery x2  
  134  8:50  Marine  
  134  8:52  Marine  
  134  8:53  Widow Mine x2  
  134  8:54  Marauder  
  139  8:57  SCV x2  
  139  8:59  Starport  
  141  9:06  Marine  
  141  9:08  Marine x2  
  141  9:09  Medivac, Marine  
  147  9:11  Marine x2  
  147  9:15  Marine  
  150  9:17  SCV x3  
  153  9:24  Marine  
  153  9:26  Marine x3  
  153  9:28  Factory Tech Lab, Marine  
  153  9:29  Widow Mine x2, Marine  
  163  9:33  Marine  
  152  9:39  Barracks  
  152  9:40  Barracks  
  152  9:42  Marine  
  152  9:44  Starport Tech Lab, Marine x3  
  145  9:47  Marine x2  
  147  9:53  Terran Vehicle and Ship Weapons Level 1  
  147  9:56  Missile Turret  
  147  9:58  Missile Turret, Marine  
  147  9:59  Widow Mine x2  
  152  10:00  Missile Turret, Marine  
  152  10:01  Siege Tank  
  152  10:02  Marine  
  152  10:05  Marine  
  152  10:06  Marine  
  159  10:09  Planetary Fortress  
  159  10:17  Marauder  
  156  10:24  Barracks Tech Lab x2  
  156  10:25  Command Center  
  156  10:27  Raven  
  158  10:34  Refinery x2  
  158  10:38  Marauder  
  152  10:47  Marine  
  153  10:53  Marine  
  153  10:54  Marauder  
  153  10:55  Siege Tank, Marauder  
  159  10:57  Barracks Tech Lab x2  
  159  10:58  Marine x2  
  159  11:00  Marauder  
  161  11:05  Marine  
  161  11:08  Terran Infantry Weapons Level 3  
  147  11:11  Marine  
  147  11:15  Marauder  
  147  11:16  Marauder, Marine x3  
  147  11:17  Marauder  
  155  11:20  Marine  
  155  11:23  Marine  
  142  11:29  Marine  
  137  11:34  Marine x3  
  137  11:36  Marine  
  137  11:37  Marine  
  137  11:38  Marine x2  
  131  11:41  Marine  
  131  11:47  Marine  
  116  11:52  Marauder, Marine x2  
  121  11:54  SCV x2, Marine  
  121  11:55  Marine  
  121  11:56  Marauder, Marine  
  121  11:58  Marine  
  120  12:04  Marine  
  112  12:09  Marine  
  112  12:10  Marine  
  112  12:12  Marauder  
  112  12:13  Marauder  
  112  12:14  Marine, Marauder  
  118  12:16  Marine  
  118  12:22  Marine  
  113  12:25  Widow Mine x2  
  113  12:27  Marine x2  
  117  12:32  Concussive Shells, Marauder  
  117  12:34  Marine, Marauder  
  117  12:35  Marauder  
  93  12:44  Marine  
  93  12:50  Marine  
  89  12:51  Medivac  
  89  12:52  Medivac  
  89  12:53  Marine  
  89  12:54  Marauder  
  89  12:55  Marauder  
  89  12:56  Marauder, Marine  
  101  13:02  Marine  
  102  13:08  Marine  
  102  13:10  Marine  
  102  13:14  Marine  
  102  13:15  Marauder  
  102  13:16  Marauder  
  102  13:17  Marine  
  101  13:26  Marine  
  98  13:27  Marine  
  98  13:33  Starport  
  99  13:34  Starport, Marine x2  
  99  13:35  Marauder  
  99  13:36  Marauder  
Show
View Real Time Build Order
Export as new Build Order

Bop Zerg - Winner!

Build Orders: Hatch First, Lurkers, Muta Ling Bane, Zergling Baneling, Zergling Ultralisk 

Get SALT Encoding   

  12  0:01  Drone  
  13  0:12  Overlord  
  13  0:17  Drone  
  14  0:30  Drone x2  
  14  0:34  Drone  
  17  0:53  Hatchery  
  17  0:56  Drone  
  17  1:03  Extractor  
  16  1:05  Drone  
  16  1:09  Drone  
  18  1:17  Spawning Pool  
  17  1:21  Drone  
  18  1:32  Drone  
  19  1:39  Drone  
  20  1:50  Overlord  
  20  2:04  Queen  
  20  2:05  Metabolic Boost  
  20  2:06  Queen  
  20  2:08  Zergling x4  
  25  2:13  Drone  
  27  2:16  Drone  
  27  2:22  Drone  
  29  2:24  Extractor  
  29  2:26  Spore Crawler  
  29  2:27  Drone  
  29  2:33  Drone  
  31  2:40  Drone  
  32  2:48  Lair  
  32  2:49  Drone x2, Queen  
  36  3:01  Overlord  
  36  3:14  Baneling Nest  
  36  3:15  Overlord  
  36  3:17  Drone  
  36  3:20  Drone x7  
  36  3:22  Extractor  
  36  3:24  Extractor  
  41  3:33  Drone x3  
  44  3:39  Drone x3  
  47  3:46  Overlord  
  47  3:56  Drone x4  
  47  3:57  Drone  
  52  4:04  Overlord, Spire  
  52  4:07  Drone x2  
  52  4:24  Extractor, Queen x2  
  55  4:39  Overlord  
  55  4:40  Zergling x2  
  55  4:41  Zergling x22  
  67  5:04  Hatchery, Drone x2  
  68  5:09  Overlord  
  66  5:17  Mutalisk x5  
  66  5:19  Mutalisk  
  66  5:21  Overlord  
  75  5:28  Mutalisk  
  75  5:29  Mutalisk  
  75  5:31  Mutalisk  
  81  5:40  Mutalisk  
  81  5:42  Drone x5  
  84  5:43  Drone  
  85  5:51  Hydralisk Den  
  84  5:57  Overlord x2  
  84  6:01  Overseer  
  85  6:04  Drone x3  
  85  6:12  Drone  
  85  6:15  Zerg Flyer Weapons Level 1  
  85  6:17  Infestation Pit  
  85  6:21  Drone x8  
  85  6:23  Extractor  
  92  6:31  Overlord  
  90  6:33  Drone x2  
  90  6:34  Drone x2, Extractor  
  90  6:37  Lurker Den  
  93  6:41  Burrow, Pneumatized Carapace  
  93  6:45  Zergling x2  
  93  6:46  Zergling x10  
  98  6:56  Overlord  
  98  6:58  Zergling x2  
  98  6:59  Zergling x8  
  103  7:11  Drone x2  
  103  7:12  Centrifical Hooks  
  103  7:13  Hive  
  103  7:15  Zergling x12  
  111  7:27  Hydralisk  
  111  7:28  Hydralisk x4  
  121  7:30  Overlord  
  121  7:36  Overlord  
  121  7:37  Overlord  
  121  7:39  Overlord  
  121  7:44  Overlord  
  117  8:00  Hatchery  
  116  8:07  Lurker  
  116  8:08  Lurker x4  
  116  8:11  Drone x3  
  124  8:13  Evolution Chamber  
  124  8:15  Evolution Chamber  
  124  8:17  Zergling x22  
  124  8:18  Zergling x8  
  137  8:21  Baneling  
  137  8:22  Baneling x7  
  137  8:30  Drone x4, Ultralisk Cavern  
  134  8:49  Zergling x2  
  134  8:50  Zergling x14  
  139  8:58  Extractor  
  138  9:15  Zerg Melee Weapons Level 1  
  138  9:16  Adrenal Glands, Zerg Ground Armor Level 1  
  138  9:21  Ultralisk x2, Extractor  
  138  9:22  Zergling x2  
  138  9:23  Zergling x20  
  147  9:39  Drone x6  
  151  9:46  Overlord  
  151  9:47  Ultralisk  
  151  9:49  Chitinous Plating  
  152  9:57  Hatchery  
  149  10:07  Mutalisk  
  149  10:08  Mutalisk x4  
  156  10:24  Overseer x2  
  156  10:35  Zergling x2  
  151  10:36  Zergling x4  
  151  10:37  Zergling x2  
  154  10:43  Ultralisk  
  154  10:44  Ultralisk, Overlord x2  
  166  10:54  Overlord  
  166  10:55  Hydralisk  
  149  11:15  Zergling x34  
  149  11:16  Ultralisk, Zergling x2  
  164  11:29  Zergling x2  
  164  11:30  Zergling x4  
  158  11:43  Ultralisk x3  
  158  11:44  Hatchery  
  160  11:58  Zergling x2  
  160  11:59  Zergling x8  
  157  12:02  Overlord  
  157  12:10  Hydralisk x5  
  157  12:13  Lurker  
  166  12:23  Baneling  
  166  12:24  Hydralisk  
  166  12:25  Hydralisk x2  
  169  12:32  Overseer  
  169  12:33  Overseer  
  169  12:34  Overseer  
  161  12:39  Ultralisk x3  
  175  12:45  Hydralisk x3  
  175  12:49  Drone x3  
  178  12:55  Lurker  
  178  12:56  Lurker  
  177  13:11  Hydralisk x2  
  177  13:12  Hydralisk x3  
  185  13:18  Zergling x2  
  185  13:19  Zergling x6  
  163  13:28  Lurker x4  
  163  13:29  Zergling x6  
  163  13:31  Zergling x2  
  163  13:32  Zergling x2  
Tags
 
Add a new tag
Caveats
  • Supply blocks, unpowered buildings, or Contaminate may cause inaccurate times.
  • Supply counts are checked every 10 seconds.